 Dungeon Crawl Stone Soup version 0.25-a0-443-gece2dee8bd (webtiles) character file.

Game seed: 5808991830548246850, levelgen mode: deterministic

178 Elellon the Conjurer (level 5, -9/28 HPs)
             Began as a Deep Elf Conjurer on Jan 30, 2020.
             Killed by divine providence
             ... invoked by an orc priest
              (14 damage)
             ... on level 3 of the Dungeon.
             The game lasted 00:02:43 (2694 turns).

Elellon the Conjurer (Deep Elf Conjurer)            Turns: 2694, Time: 00:02:43

Health: -9/28      AC:  2    Str:  6    XL:     5   Next: 32%
Magic:  1/15       EV: 13    Int: 20    God:
Gold:   175        SH:  0    Dex: 15    Spells: 12/15 levels left

rFire    . . .     SeeInvis .   h - +0 dagger
rCold    . . .     Gourm    .   (no shield)
rNeg     . . .     Faith    .   a - +0 robe
rPois    .         Spirit   .   (no helmet)
rElec    .         Reflect  .   (no cloak)
rCorr    .         Harm     .   (no gloves)
MR       .....                  (no boots)
Stlth    ++........             (no amulet)
HPRegen  0.09/turn              (no ring)
MPRegen  0.14/turn              (no ring)

@: no status effects
A: no striking features
a: no special abilities


You were on level 3 of the Dungeon.
You were not hungry.

You visited 1 branch of the dungeon, and saw 3 of its levels.

You collected 175 gold pieces.

Inventory:

Hand Weapons
 h - a +0 dagger (weapon)
Armour
 a - a +0 robe (worn)
Scrolls
 b - 2 scrolls of identify {unknown}
 g - a scroll of amnesia {unknown}
 i - a scroll of teleportation {unknown}
 l - a scroll of remove curse {unknown}
Potions
 d - 2 potions of brilliance {unknown}
 e - a potion of agility {unknown}
 f - 2 potions of curing
 j - a potion of haste {unknown}
 m - a potion of berserk rage {unknown}
Comestibles
 c - 8 rations
 k - 6 chunks of flesh


   Skills:
 - Level 2.4 Dodging
 - Level 2.4 Stealth
 + Level 5.7 Spellcasting
 + Level 6.0 Conjurations


You had 12 spell levels left.
You knew the following spells:

 Your Spells              Type           Power        Failure   Level  Hunger
a - Magic Dart            Conj           ####         1%          1    None
b - Searing Ray           Conj           ####..       1%          2    None

Your spell library contained the following spells:

 Spells                   Type           Power        Failure   Level  Hunger
 Dazzling Flash           Conj/Hex       ###...       10%         3    ##.....
 Fulminant Prism          Conj/Hex       ###.......   30%         4    ####...
 Iskenderun's Mystic Bla  Conj/Tloc      ###.....     30%         4    ####...


Dungeon Overview and Level Annotations

Branches:
Dungeon (3/15)

Altars:
The Shining One


Message History

You hit the orc priest but do no damage.
The orc priest is heavily wounded.
The orc priest hits you with a +0 mace.
* * * LOW HITPOINT WARNING * * *
You barely miss the orc priest.
The orc priest is heavily wounded.
You hit the orc priest.
The orc priest is severely wounded.
The orc priest hits you with a +0 mace.
* * * LOW HITPOINT WARNING * * *
You hit the orc priest but do no damage.
The orc priest is severely wounded.
The orc priest hits you with a +0 mace.
* * * LOW HITPOINT WARNING * * *
You hit the orc priest but do no damage.
The orc priest is severely wounded.
The orc priest calls down the wrath of Beogh upon you.
Beogh smites you!
Ouch! That really hurt!
You die...

............. #.......#
#####'####### #.......#
#####.#### #.......#
.........# #.......#
.........## #..†....#
..........#######.......#
......................>.#
.....#....######........#
.....#....# #@########
######....# #.o).####
#....# ##+##))... #....#
#.........
########+######.........
...... .............
###### #####..S.......
.......<.......
.##............


You could see an orc priest.

Vanquished Creatures
  Natasha (thrice) (D:2)
  Terence (D:2)
  2 adders
  A worm (D:2)
  A dart slug (D:3)
  A leopard gecko (D:2)
  7 orcs (D:3)
  4 giant cockroaches
  6 goblins
  5 hobgoblins
  4 jackals
  3 bats (D:1)
  2 frilled lizards
  4 kobolds
  4 rats
48 creatures vanquished.

Notes
Turn   | Place    | Note
-------+----------+-------------------------------------------
     0 | D:1      | Elellon the Deep Elf Conjurer began the quest for the Orb.
     0 | D:1      | Reached XP level 1. HP: 10/10 MP: 6/6
   254 | D:1      | Reached XP level 2. HP: 15/15 MP: 4/8
   293 | D:1      | Learned a level 2 spell: Searing Ray
  1052 | D:1      | Reached skill level 5 in Conjurations
  1052 | D:1      | Reached XP level 3. HP: 19/19 MP: 1/10
  1433 | D:2      | Noticed Natasha
  1438 | D:2      | Killed Natasha
  1438 | D:2      | Reached XP level 4. HP: 24/24 MP: 5/12
  1852 | D:2      | Noticed Natasha
  1859 | D:2      | Killed Natasha
  1859 | D:2      | Reached skill level 5 in Spellcasting
  1903 | D:2      | Noticed Natasha
  1911 | D:2      | Killed Natasha
  2307 | D:3      | Noticed Terence
  2312 | D:2      | Killed Terence
  2312 | D:2      | Reached XP level 5. HP: 28/28 MP: 10/14
  2379 | D:3      | Found a glowing golden altar of the Shining One.
  2684 | D:3      | Reached skill level 6 in Conjurations
  2694 | D:3      | Killed from afar by an orc priest

Levels and vault maps discovered:
D:1:      mrwooster_arrival_statue_3, layout_basic
D:2:      layout_rooms, uniq_natasha
D:3:      layout_basic, nicolae_tso_swordbearing_angel, first_ration, hex_large,
          saegor_snake_ambush, uniq_terence

Skill      XL: |  1  2  3  4  5 |
---------------+----------------+-----
Spellcasting   | 4 5 |  5.7
Conjurations   | 5 6 |  6.0
Dodging        | |  2.4
Stealth        | |  2.4

Action                   |  1- 3 |  4- 6 || total
-------------------------+-------+-------++-------
Melee: Dagger            |       |     6 ||     6
 Cast: Magic Dart        |    57 |    42 ||    99
       Searing Ray       |       |     6 ||     6
  Eat: Chunk             |     1 |     4 ||     5
Armor: Robe              |     1 |     1 ||     2
Dodge: Dodged            |     8 |    16 ||    24

Table legend:
 A = Non-vault XP
 B = Vault XP
 C = Vault XP percentage of total XP
 D = Non-vault monster count
 E = Vault monster count
 F = Vault count percentage of total count
                 A         B        C        D         E       F
            +---------+---------+-------+---------+---------+-------
      Total |     184 |      71 |  27.8 |      46 |       2 |   4.2
            +---------+---------+-------+---------+---------+-------
        D:1 |      27 |       0 |   0.0 |      17 |       0 |   0.0
        D:2 |     108 |      71 |  39.7 |      15 |       2 |  11.8
        D:3 |      49 |       0 |   0.0 |      14 |       0 |   0.0
            +---------+---------+-------+---------+---------+-------
